 Dungeon Crawl Stone Soup version 0.27.1 (webtiles) character file.

Game seed: 5915430392901431595

84 MajorAdolf the Skirmisher (level 4, -1/44 HPs)
             Began as a Naga Wanderer on Aug 24, 2021.
             Slain by Sigmund (11 damage)
             ... on level 3 of the Dungeon.
             The game lasted 00:04:46 (4787 turns).

MajorAdolf the Skirmisher (Naga Wanderer)           Turns: 4787, Time: 00:04:47

Health: -1/44      AC:  4    Str: 14    XL:     4   Next: 45%
Magic:  4/4        EV:  8    Int: 16    God:
Gold:   97         SH:  3    Dex:  8    Spells: 3/3 levels left

rFire    . . .     SeeInvis +   a - +2 dagger
rCold    + . .     Faith    .   e - +0 buckler
rNeg     . . .     Spirit   .   p - +1 leather armour {rC+}
rPois    +         Reflect  .   (no helmet)
rElec    .         Harm     .   (no cloak)
rCorr    .         Rampage  .   (no gloves)
Will     .....                  (no barding)
Stlth    ++........             (no amulet)
HPRegen  0.14/turn              (no ring)
MPRegen  0.09/turn              (no ring)

@: very slow
A: AC +1, large, see invisible, deformed body, poison resistance, slowness 2,
spit poison 1, naga tail 1
a: Spit Poison


You were on level 3 of the Dungeon.
You visited 1 branch of the dungeon, and saw 3 of its levels.

You collected 97 gold pieces.

Inventory:

Hand Weapons
 a - a +2 dagger (weapon)
 c - a +0 shortbow
Missiles
 d - 41 arrows
 o - 10 poisoned darts
Armour
 e - a +0 buckler (worn)
 f - a +0 robe
 l - a +0 chain mail
 p - a +1 leather armour of cold resistance (worn)
Jewellery
 i - a ring of willpower
Scrolls
 g - 3 scrolls of identify {unknown}
 h - 2 scrolls of enchant armour {unknown}
 j - a scroll of magic mapping {unknown}
Potions
 b - a potion of heal wounds
 k - 2 potions of flight {unknown}
 m - a potion of mutation {unknown}
 n - a potion of invisibility {unknown}
 q - a potion of curing {unknown}


   Skills:
 - Level 4.0 Fighting
 - Level 3.9(4.0) Short Blades
 - Level 1.0(2.6) Long Blades
 - Level 1.5 Armour
 - Level 3.0 Stealth
 + Level 1.1 Shields


You had 3 spell levels left.
You didn't know any spells.
Your spell library was empty.

Dungeon Overview and Level Annotations

Branches:
Dungeon (3/15)

Altars:

Annotations:
D:3 Sigmund


Innate Abilities, Weirdness & Mutations

Your serpentine skin is tough. (AC +1)
You have supernaturally acute eyesight. (SInv)
Armour fits poorly on your strangely shaped body.
Your system is resistant to poisons. (rPois)
You cover ground very slowly.
You can spit poison.
You have a snake-like lower body.


Message History

Press: ? - help, Shift-Dir - straight line, f - Sigmund
Aim: Sigmund, wielding a +5 scythe of protection and wearing a +0 robe (slightly transparent)
The splash of poison hits Sigmund but does no damage.
Sigmund is poisoned.
Sigmund points at you and mumbles some strange words.
The magic dart hits you.
Sigmund points at you and mumbles some strange words.
You are confused.
You climb upwards.
You have got your breath back.
There is a stone staircase leading down, spattered with blood here.
You see here a +0 club.
Unknown command.
You start resting.
You feel less confused.
You start resting.
HP restored.
You climb downwards.
Level annotation: Sigmund
There is a stone staircase leading up, spattered with blood here.
Unknown command.
Press: ? - help, Shift-Dir - straight line, f - Sigmund
Aim: Sigmund, wielding a +5 scythe of protection and wearing a +0 robe The splash of poison hits Sigmund.
Sigmund is lightly wounded.
Sigmund says, "You will soon forget everything."
Sigmund casts a spell.
Sigmund flickers and vanishes for a moment.
You have got your breath back.
Sigmund hits you with a +5 scythe of protection!
You hit Sigmund but do no damage.
Sigmund is lightly wounded.
Sigmund screams, "I am the angel of ZOT!!!"
Sigmund hits you with a +5 scythe of protection!
Sigmund hits you from afar with a +5 scythe of protection!
* * * LOW HITPOINT WARNING * * *
There is a stone staircase leading up, spattered with blood here.
Unknown command.
Sigmund hits you from afar with a +5 scythe of protection!
You die...

##...........#### #......<.....
.........#......# ###......###..#
.#.......##..##.###.....#..###.##
.###########........#####......##
..# #.....)...............#.....
#.####...........#####.......#..#
..........†......##.........##..#
.#.##....###.#......##.....######
.#..##.......#..@......##.##
.......#............#####.#
##............@...........#
#...........#...#...##....#
..####...##...#.#.####....#
########..........#..@....#
....................#.....#
..####.........#...##.#####
..............##......#####


You could see Sigmund (invisible).

Vanquished Creatures
  An adder (D:1)
  An ufetubus (D:3)
  A worm (D:3)
  3 dart slugs
  3 orcs
  5 ball pythons
  3 bats (D:2)
  7 endoplasms
  A giant cockroach (D:1)
  4 goblins
  A hobgoblin (D:1)
  2 jackals (D:1)
  4 quokkas
  4 frilled lizards
  8 kobolds
  A quokka skeleton (D:2)
  8 rats
57 creatures vanquished.

Notes
Turn   | Place    | Note
-------+----------+-------------------------------------------
     0 | D:1      | MajorAdolf the Naga Wanderer began the quest for the Orb.
     0 | D:1      | MajorAdolf set off with the following items: a +2 dagger, a
                  | potion of heal wounds, a +0 shortbow, 22 arrows, a +0
                  | buckler, a +0 robe
     0 | D:1      | Reached XP level 1. HP: 22/22 MP: 1/1
    56 | D:1      | Reached skill level 1 in Short Blades
   318 | D:1      | Reached XP level 2. HP: 29/30 MP: 2/2
   398 | D:1      | Found a faded altar of an unknown god.
  1072 | D:1      | Reached XP level 3. HP: 18/36 MP: 3/3
  2005 | D:2      | Reached XP level 4. HP: 42/44 MP: 4/4
  2953 | D:3      | Noticed Sigmund
  3703 | D:3      | HP: 1/44 [Sigmund (17)]
  4787 | D:3      | Slain by Sigmund

Illustrated notes

Levels and vault maps discovered:
D:1:      nicolae_arrival_washed_ashore, layout_loops_corners,
          ebering_ecumenical_altar_mist
D:2:      layout_basic
D:3:      layout_rooms, ebering_ghost_gozag, uniq_sigmund

Skill      XL: |  1  2  3 |
---------------+----------+-----
Short Blades   | 1 2 3 |  3.9
Fighting       | |  4.0
Long Blades    | |  1.0
Armour         | |  1.5
Stealth        | |  3.0
Shields        | |  1.1

Action                   |  1- 3 |  4- 6 || total
-------------------------+-------+-------++-------
Melee: Dagger            |    74 |    83 ||   157
 Abil: Spit Poison       |    21 |    19 ||    40
Armor: Robe              |     4 |       ||     4
       Chain mail        |    26 |     7 ||    33
       Leather armour    |       |    48 ||    48
Dodge: Dodged            |    25 |    44 ||    69
Block: Buckler           |    10 |    12 ||    22
